 Dungeon Crawl Stone Soup version 0.24-a0-365-ga4d96b6e6e (webtiles) character file.

Game seed: 363796103630247086

508 Ijustatesigmund the Cudgeler (level 7, -5/50 HPs)
             Began as an Octopode Fighter on May 27, 2019.
             Slain by a gnoll
             ... wielding a +0 spear
              (6 damage)
             ... on level 4 of the Dungeon.
             The game lasted 00:05:02 (3243 turns).

Ijustatesigmund the Cudgeler (Octopode Fighter)     Turns: 3243, Time: 00:05:03

Health: -5/50      AC:  1    Str: 15    XL:     7   Next: 18%
Magic:  7/7        EV: 21    Int: 10    God:
Gold:   246        SH:  9    Dex: 19    Spells: 6/6 levels left

rFire    . . .     SeeInvis +   a - +0 flail
rCold    . . .     Gourm    .   b - +0 shield
rNeg     . . .     Faith    .   (helmet restricted)
rPois    .         Spirit   .   (no amulet)
rElec    .         Reflect  .   j - ring of see invisible
rCorr    .         Harm     .   p - +3 ring of evasion
MR       .....                  (no ring)
Stlth    ++++......             (no ring)
HPRegen  0.16/turn              (no ring)
MPRegen  0.10/turn              (no ring)
                                (no ring)
                                (no ring)

@: agile
A: almost no armour, stealthy swim, amphibious, 8 rings, constrict 8, camouflage
1, gelatinous body 1
a: no special abilities


You were on level 4 of the Dungeon.
You were not hungry.

You visited 1 branch of the dungeon, and saw 4 of its levels.

You collected 246 gold pieces.

Inventory:

Hand Weapons
 a - a +0 flail (weapon)
Armour
 b - a +0 shield (worn)
Jewellery
 j - a ring of see invisible (left tentacle)
 p - a +3 ring of evasion (right tentacle)
Wands
 k - a wand of flame (6)
Scrolls
 e - a scroll of immolation
 g - a scroll of teleportation
 h - a scroll of fear
 l - 5 scrolls of remove curse
Potions
 c - a potion of might
 m - a potion of magic
 o - a potion of flight
Comestibles
 d - 7 rations


   Skills:
 + Level 5.0 Fighting
 + Level 5.9 Maces & Flails
 + Level 3.4 Dodging
 + Level 3.4 Shields


You had 6 spell levels left.
You didn't know any spells.
Your spell library was empty.

Dungeon Overview and Level Annotations

Branches:
Dungeon (4/15)
 Temple: D:4-7

Altars:


Innate Abilities, Weirdness & Mutations

You cannot wear most types of armour.
You are very stealthy in the water. (Stealth+)
You are amphibious.
You can wear up to eight rings at the same time.
You can use your tentacles to constrict eight enemies at once.
Your skin changes colour to match your surroundings (Stealth+).
Your rubbery body absorbs attacks. (AC +1, EV +1)


Message History

The orc wizard flickers and vanishes for a moment.
You hit the orc wizard but do no damage.
Your grab misses the orc wizard. Your squeeze misses the orc wizard.
The orc wizard is almost dead.
You block the gnoll's attack. The orc wizard barely misses you.
You closely miss the orc wizard. You grab the orc wizard.
The orc wizard is almost dead.
You constrict the orc wizard, but do no damage.
You block the gnoll's attack. The orc wizard casts a spell at you.
The puff of flame hits you.
* * * LOW HITPOINT WARNING * * *
You thump the orc wizard!
You kill the orc wizard!
The gnoll hits you from afar with a +0 spear.
* * * LOW HITPOINT WARNING * * *
The orc wizard mumbles some strange words.
The orc wizard blinks!
The gnoll hits you from afar with a +0 spear.
You die...

#.# #.# #. #.# #.#
#. #.# #.# ##.###
#.###.###.# ##$...
#.........# #.o...
#####.##### #o..#
#.#########..#
#........###ยง###.#
########..@)g....#
#####........
#########


You could see a gnoll.

Vanquished Creatures
  3 ogres
  A centaur (D:3)
  2 orc wizards (D:4)
  2 gnolls (D:4)
  An adder (D:3)
  An ooze (D:3)
  2 worms
  2 dart slugs
  2 leopard geckos (D:1)
  8 orcs
  2 ball pythons
  7 bats
  3 giant cockroaches
  8 goblins
  A hobgoblin (D:1)
  9 jackals
  A quokka (D:3)
  4 frilled lizards (D:1)
  6 kobolds
  3 rats
68 creatures vanquished.

Notes
Turn   | Place    | Note
-------+----------+-------------------------------------------
     0 | D:1      | Ijustatesigmund the Octopode Fighter began the quest for
                  | the Orb.
     0 | D:1      | Reached XP level 1. HP: 16/16 MP: 1/1
   108 | D:1      | Reached XP level 2. HP: 15/21 MP: 2/2
   121 | D:1      | HP: 1/21 [kobold/cursed -1 dagger (3)]
   695 | D:1      | Reached XP level 3. HP: 22/26 MP: 3/3
  1326 | D:2      | Noticed an ogre
  1334 | D:2      | Killed an ogre
  1334 | D:2      | Reached XP level 4. HP: 33/33 MP: 4/4
  1334 | D:2      | Reached XP level 5. HP: 37/37 MP: 5/5
  2141 | D:3      | Noticed a centaur
  2150 | D:3      | Killed a centaur
  2150 | D:3      | Reached skill level 5 in Maces & Flails
  2150 | D:3      | Reached XP level 6. HP: 16/44 MP: 6/6
  2914 | D:4      | HP: 1/44 [ogre/cursed +0 giant spiked club (25)]
  3143 | D:4      | Reached XP level 7. HP: 49/49 MP: 7/7
  3218 | D:4      | Reached skill level 5 in Fighting
  3237 | D:4      | HP: 1/50 [gnoll/+0 spear (3)]
  3243 | D:4      | HP: 1/50 [gnoll/+0 spear (2)]
  3243 | D:4      | Slain by a gnoll

Levels and vault maps discovered:
D:1:      minmay_arrival_doors, layout_rooms,
          wander_ebering_terrifying_dragon_lair
D:2:      layout_loops_ring, corexii_corridor_pit, serial_bayou_pond_e
D:3:      layout_loops_corners
D:4:      layout_loops_corners, minmay_fire_ice_demons

Skill      XL: |  1  2  3  4  5  6  7 |
---------------+----------------------+-----
Maces & Flails | 3 4 5 |  5.9
Fighting       | 4 5 |  5.0
Dodging        | |  3.4
Shields        | |  3.4

Action                   |  1- 3 |  4- 6 |  7- 9 || total
-------------------------+-------+-------+-------++-------
Melee: Flail             |    60 |    48 |    22 ||   130
       Tentacles         |     6 |    13 |     6 ||    25
       Constrict         |    16 |    15 |     5 ||    36
Evoke: Wand              |     4 |     4 |     1 ||     9
  Use: Scroll            |     3 |     8 |       ||    11
       Potion            |       |     3 |     2 ||     5
 Stab: Sleeping          |     6 |     4 |     1 ||    11
  Eat: Chunk             |     1 |     6 |       ||     7
Armor: Skin              |    10 |     3 |       ||    13
Dodge: Dodged            |    32 |    14 |    33 ||    79
Block: Shield            |    26 |    18 |    10 ||    54

Table legend:
 A = Non-vault XP
 B = Vault XP
 C = Vault XP percentage of total XP
 D = Non-vault monster count
 E = Vault monster count
 F = Vault count percentage of total count
                 A         B        C        D         E       F
            +---------+---------+-------+---------+---------+-------
      Total |     726 |       1 |   0.1 |      67 |       1 |   1.5
            +---------+---------+-------+---------+---------+-------
        D:1 |      44 |       1 |   2.2 |      23 |       1 |   4.2
        D:2 |     140 |       0 |   0.0 |      10 |       0 |   0.0
        D:3 |     192 |       0 |   0.0 |      27 |       0 |   0.0
        D:4 |     350 |       0 |   0.0 |       7 |       0 |   0.0
            +---------+---------+-------+---------+---------+-------
